 Dungeon Crawl Stone Soup version 0.16.1-17-g773cdaf (webtiles) character file.

199 jacksonaction the Changer (level 5, 0/33 HPs)
             Began as an Octopode Transmuter on Apr 21, 2015.
             Slain by a hound (4 damage)
             ... on level 3 of the Dungeon.
             The game lasted 00:19:31 (3038 turns).

jacksonaction the Changer (Octopode Transmuter)     Turns: 3038, Time: 00:19:31

Health: 0/33       AC:  2    Str:  9    XL:     5   Next: 77%
Magic:  6/9        EV: 20    Int: 16    God:
Gold:   159        SH:  0    Dex: 18    Spells: 3 memorised, 0 levels left

rFire  . . .     SeeInvis .       - Unarmed
rCold  . . .     Clarity  .     (shield currently unavailable)
rNeg   . . .     SustAb   .     (helmet currently unavailable)
rPois  x         Gourm    .     (no amulet)
rElec  .         Spirit   .     (no ring)
rCorr  .         Warding  .     (no ring)
rMut   .         Stasis   .     (no ring)
MR     .....                    (no ring)
Stlth  ++........               (no ring)
                                (no ring)
                                (no ring)
                                (no ring)

@: spider-form, not resistant to hostile enchantments, unstealthy
A: almost no armour, amphibious, 8 rings, (constrict 8), (camouflage 0),
(gelatinous body 0)
a: End Transformation


You were on level 3 of the Dungeon.
You were hungry.
You were a venomous arachnid creature.
You visited 1 branch of the dungeon, and saw 4 of its levels.

You collected 159 gold pieces.

Inventory:

Hand weapons
 y - a +0 dagger of venom
Missiles
 b - 9 poisoned needles
 e - 94 stones (quivered)
Jewellery
 f - a +3 ring of dexterity {unknown}
 s - a cursed ring of loudness {unknown}
 t - an uncursed amulet of stasis {unknown}
Magical devices
 v - a wand of polymorph (9)
Scrolls
 g - a scroll of blinking {unknown}
 j - a scroll of enchant armour {unknown}
 k - a scroll of amnesia {unknown}
 m - 2 scrolls of identify {unknown}
 n - 3 scrolls of recharging {unknown}
 p - a scroll of random uselessness {unknown}
 w - 2 scrolls of remove curse {unknown}
 x - a scroll of enchant weapon {unknown}
 z - a scroll of fog {unknown}
Potions
 h - a potion of resistance {unknown}
 i - a potion of ambrosia {unknown}
 l - a potion of haste {unknown}
 q - 3 potions of brilliance {unknown}
 r - a potion of flight {unknown}
 u - a potion of heal wounds {unknown}
Books
 d - a book of Changes

   Spells                             Type                      Level
   a - Beastly Appendage              Transmutation                1
   b - Sticks to Snakes               Transmutation                2
   c - Spider Form                    Transmutation/Poison         3
   d - Ice Form                       Ice/Transmutation            4
   e - Blade Hands                    Transmutation                5
 o - a book of Clouds

   Spells                             Type                      Level
   a - Mephitic Cloud                 Conjuration/Poison/Air       3
   b - Conjure Flame                  Conjuration/Fire             3
   c - Poisonous Cloud                Conjuration/Poison/Air       6
   d - Freezing Cloud                 Conjuration/Ice/Air          6
   e - Ring of Flames                 Charms/Fire                  7
Comestibles
 a - 2 bread rations
 c - 3 meat rations
 A - 4 chunks of flesh


   Skills:
 - Level 1.0 Fighting
 - Level 2.0 Dodging
 - Level 3.0 Unarmed Combat
 - Level 2.0 Spellcasting
 + Level 5.3 Transmutations
 - Level 2.0 Ice Magic


You couldn't memorise any spells.
You knew the following spells:

 Your Spells              Type           Power        Failure   Level  Hunger
a - Beastly Appendage     Trmt           ###...       10%         1    #......
b - Spider Form           Trmt/Pois      ##........   41%         3    ###....
c - Ice Form              Ice/Trmt       ##......     71%         4    #####..


Dungeon Overview and Level Annotations

Branches:
Dungeon (4/15)
 Temple: D:4-7

Altars:
Ashenzari
Fedhas


Innate Abilities, Weirdness & Mutations

You cannot wear most types of armour.
You are amphibious.
You can wear up to eight rings at the same time.
((You can use your tentacles to constrict many enemies at once.))
((Your skin changes colour to match your surroundings (Stealth).))
((Your rubbery body absorbs attacks (AC +1).))


Message History

The hound barely misses you.
You hit the hound but do no damage.
The hound is poisoned.
The hound closely misses you. The hound misses you.
You hit the hound.
The hound looks even sicker.
The hound is moderately wounded.
The hound bites you.
* * * LOW HITPOINT WARNING * * *
You hit the hound.
The hound looks even sicker.
The hound is heavily wounded.
The hound closely misses you. x2
You closely miss the hound.
The hound is heavily wounded.
The hound misses you.
You closely miss the hound.
The hound is heavily wounded.
The hound misses you.
You hit the hound.
The hound is severely wounded.
The hound closely misses you. The hound bites you.
You die...

#.......................
#.......................
#.........###.......##..
##......#.###........#..
#......#...............
#......#####...........
#......# #########).#..
#......###(..[...)(....
#.....s.......#####.###
#.....h##.....## #.###
#......##.....)# ##...
#######.##....#.# ##.##
#....##.##..).#.####..##
#....##.##..)...........
#....##.....####.###...#
#....'.......##.......##
#....######..##.#.##..##


You could see a hound.

Vanquished Creatures
  An orc wizard (D:3)
  Robin (D:3)
  4 adders (D:2)
  3 gnolls
  2 worms
  3 giant geckos
  3 orcs (D:3)
  4 bats
  3 giant cockroaches
  10 goblins
  14 hobgoblins
  3 jackals (D:2)
  11 kobolds
  5 quokkas
  3 giant newts
  9 rats
79 creatures vanquished.

Notes
Turn   | Place    | Note
--------------------------------------------------------------
     0 | D:1      | jacksonaction, the Octopode Transmuter, began the quest for the Orb.
     0 | D:1      | Reached XP level 1. HP: 13/13 MP: 3/3
   292 | D:1      | Reached XP level 2. HP: 12/18 MP: 2/4
   761 | D:1      | Reached XP level 3. HP: 20/23 MP: 6/6
   766 | D:1      | Learned a level 3 spell: Spider Form
   905 | D:2      | Found a blossoming altar of Fedhas.
  1086 | D:2      | Reached skill level 4 in Transmutations
  1086 | D:2      | Reached XP level 4. HP: 24/28 MP: 4/7
  1953 | D:3      | Reached skill level 5 in Transmutations
  1953 | D:3      | Reached XP level 5. HP: 30/33 MP: 5/9
  1959 | D:3      | Learned a level 4 spell: Ice Form
  2287 | D:3      | Noticed Robin
  2351 | D:3      | Reached skill level 1 in Ice Magic
  2439 | D:3      | Killed Robin
  2746 | D:3      | Found a shattered altar of Ashenzari.
  3038 | D:3      | Slain by a hound

Action                   |  1- 3 |  4- 6 || total
-------------------------+-------+-------++-------
Melee: Unarmed           |    68 |   125 ||   193
Throw: Stone             |    16 |    41 ||    57
 Cast: Beastly Appendage |     6 |     3 ||     9
       Spider Form       |     4 |    15 ||    19
 Stab: Sleeping          |     1 |     2 ||     3
       Distracted        |       |     1 ||     1
  Eat: Chunk             |     1 |     8 ||     9
